 Dungeon Crawl Stone Soup version 0.29.0-4-gdea44cf6ec (webtiles) character file.

Game seed: 7121029729123990800

132 qw the Chopper (level 5, 0/30 HPs)
             Began as a Tengu Warper on Aug 28, 2022.
             Slain by an orc wizard
             ... wielding a +0 dagger
              (1 damage)
             ... on level 4 of the Dungeon.
             The game lasted 00:00:13 (2826 turns).

qw the Chopper (Tengu Warper)                       Turns: 2826, Time: 00:00:14

Health: 0/30       AC:  6    Str: 13    XL:     5   Next: 15%
Magic:  9/9        EV: 11    Int: 13    God:
Gold:   101        SH:  0    Dex: 14    Spells: 8/8 levels left

rFire   . . .      SeeInvis .   Y - +0 hand axe
rCold   . . .      Faith    .   (no shield)
rNeg    . . .      Spirit   .   c - +0 scale mail
rPois   .          Reflect  .   (helmet restricted)
rElec   .          Harm     .   (no cloak)
rCorr   .          Rampage  .   (no gloves)
Will    .....                   (boots unavailable)
Stlth   ..........              (no amulet)
HPRegen 0.10/turn               (no ring)
MPRegen 0.11/turn               (no ring)

@: flying quickly and evasively, quick
A: beak, talons 3, nimble flight
a: no special abilities


You were on level 4 of the Dungeon.
You visited 1 branch of the dungeon, and saw 4 of its levels.

You collected 101 gold pieces.


Innate Abilities, Weirdness & Mutations

You have a beak for a mouth.
You have claws for feet.
Your magical nature lets you fly swiftly and evasively.


   Skills:
 - Level 2.0 Fighting
 + Level 5.7 Axes
 - Level 1.0 Throwing
 - Level 1.1 Armour
 - Level 2.1 Dodging
 - Level 2.0 Spellcasting
 - Level 2.4 Translocations


You had 8 spell levels left.
You didn't know any spells.
Your spell library contained the following spells:

 Spells                   Type           Power      Damage    Failure   Level
 Blink                    Tloc           14%        N/A       56%         2
 Gell's Gravitas          Tloc           7%         N/A       80%         3
 Lesser Beckoning         Tloc           7%         N/A       80%         3
 Teleport Other           Tloc           7%         N/A       80%         3
 Manifold Assault         Tloc           7%         N/A       100%        5

Inventory:

Hand Weapons
 h - a +0 whip
 Y - a +0 hand axe (weapon)
Armour
 c - a +0 scale mail (worn)
Scrolls
 i - a scroll of identify
Potions
 e - a potion of curing
 k - a potion of resistance {unknown}
 l - a potion of might {unknown}

Dungeon Overview and Level Annotations

Branches:
Dungeon (4/15)
 Temple: D:4-7

Altars:

Annotations:
D:4 Grinder


Message History

Deactivating autopickup; reactivate with Ctrl-A.
The orc hits you with a +0 falchion.
A jackal comes into view.
Grinder blinks!
The orc hits you but does no damage.
You closely miss the orc.
The jackal barks!
Your kick misses the orc.
The orc is almost dead.
You hit something. You hit the orc.
You kill the orc!
You hear a bark!
You hear a shout!
The orc hits you from afar with a +0 trident.
Something hits you but does no damage. The orc hits you with a +0 short sword.
The jackal closely misses you.
You hit the orc but do no damage.
The orc is almost dead.
You completely miss the jackal. You closely miss something. You hit the kobold.
The orc hits you but does no damage.
You hear some strange, mumbled words.
A puff of flame appears from out of thin air!
The puff of flame hits you. The orc hits you but does no damage.
The kobold hits you but does no damage. The jackal misses you.
A jackal comes into view.
You barely miss the orc.
The jackal barks!
Your kick misses the orc. Your peck misses the orc.
The orc is almost dead.
You hit the jackal. You closely miss something.
You hit the kobold but do no damage. The jackal bites you.
The orc hits you from afar with a +0 trident.
You hear some strange, mumbled words.
Something tries to affect you, but you resist.
The orc hits you but does no damage. The kobold hits you but does no damage.
You hit the orc.
You kill the orc!
You closely miss something. You closely miss the kobold.
You hit the jackal but do no damage. You hit the goblin but do no damage.
The orc closely misses you. Something hits you.
You die...

#########
##...#...##.
#####...........
.........).>....
.......h@{.....#
.......g.K.....#
.......h.o.....#
.............###
.......##.#..#
...h... ......
..5.... #..##..
....... ... ..
.....## .###


You could see Grinder, an orc, 3 jackals, a goblin and a kobold.

Vanquished Creatures
  Natasha (twice) (D:2)
  2 adders
  2 worms (D:3)
  2 dart slugs (D:1)
  3 orcs (D:4)
  5 bats
  5 endoplasms
  A giant cockroach (D:2)
  5 goblins
  3 hobgoblins
  4 jackals (D:3)
  5 kobolds
  3 quokkas (D:2)
  5 ball pythons
  A frilled lizard (D:3)
  2 rats (D:1)
50 creatures vanquished.

Notes
Turn   | Place    | Note
-------+----------+-------------------------------------------
     0 | D:1      | qw the Tengu Warper began the quest for the Orb.
     0 | D:1      | Reached XP level 1. HP: 12/12 MP: 4/4
     0 | D:1      | 0 ||| qw: Version: 0.1-a-89-g26bdef1
     0 | D:1      | 0 ||| qw: Game counter: 1678
     0 | D:1      | 0 ||| qw: Always use a shield: true
     0 | D:1      | 0 ||| qw: God list: Okawaru
     0 | D:1      | 0 ||| qw: Allow faded altars: false
     0 | D:1      | 0 ||| qw: Do Orc after D:15 true
     0 | D:1      | 0 ||| qw: Do second Lair branch before Depths: true
     0 | D:1      | 0 ||| qw: Lair rune preference: random
     0 | D:1      | 0 ||| qw: Plans: Normal
     0 | D:1      | 0 ||| PLANNING D:1-11
    61 | D:1      | Reached skill level 3 in Axes
    61 | D:1      | Reached XP level 2. HP: 12/17 MP: 6/6
   280 | D:1      | 280 ||| Stepping ~*~*~tactically~*~*~ (stealth).
   281 | D:1      | 281 ||| Stepping ~*~*~tactically~*~*~ (stealth).
   430 | D:1      | 430 ||| Stepping ~*~*~tactically~*~*~ (stealth).
   432 | D:1      | 432 ||| Stepping ~*~*~tactically~*~*~ (stealth).
   433 | D:1      | 433 ||| Stepping ~*~*~tactically~*~*~ (stealth).
   437 | D:1      | Found a faded altar of an unknown god.
   697 | D:1      | 697 ||| UPGRADING to +0 ring mail.
   707 | D:1      | 707 ||| DROPPING +0 leather armour.
   708 | D:1      | 708 ||| READING scroll labelled ONEMOTW DEMP.
   713 | D:1      | 713 ||| READING scroll labelled UWARECR YMAIX.
   714 | D:1      | 714 ||| READING 3 scrolls labelled XUFOEHAMEU.
   715 | D:1      | 715 ||| READING 2 scrolls of identify.
   715 | D:1      | 715 ||| IDENTIFYING bubbling green potion
   716 | D:1      | 716 ||| DROPPING scroll of blinking.
   717 | D:1      | 717 ||| DROPPING potion of lignification.
   775 | D:2      | Reached XP level 3. HP: 21/21 MP: 7/7
   878 | D:2      | Noticed Natasha
   884 | D:2      | Killed Natasha
   885 | D:2      | Reached skill level 4 in Axes
   916 | D:2      | 916 ||| Stepping ~*~*~tactically~*~*~ (stealth).
  1062 | D:2      | 1062 ||| Stepping ~*~*~tactically~*~*~ (stealth).
  1188 | D:2      | Reached XP level 4. HP: 26/26 MP: 8/8
  1867 | D:2      | Noticed Natasha
  1869 | D:2      | 1869 ||| Stepping ~*~*~tactically~*~*~ (hiding).
  1880 | D:2      | Killed Natasha
  1881 | D:2      | Reached skill level 5 in Axes
  2062 | D:2      | 2062 ||| UPGRADING to +0 scale mail.
  2072 | D:2      | 2072 ||| DROPPING +0 ring mail.
  2073 | D:2      | 2073 ||| READING 2 scrolls labelled GAPTE UBEOGE.
  2074 | D:2      | 2074 ||| READING scroll labelled GIEDYM ZUATI.
  2075 | D:2      | 2075 ||| READING 2 scrolls of identify.
  2075 | D:2      | 2075 ||| IDENTIFYING inky potion
  2076 | D:2      | 2076 ||| DROPPING potion of attraction.
  2077 | D:2      | 2077 ||| DROPPING scroll of fear.
  2580 | D:3      | Gained mutation: Your magical nature lets you fly swiftly
                  | and evasively. [Tengu growth]
  2580 | D:3      | Reached XP level 5. HP: 27/30 MP: 9/9
  2643 | D:3      | 2643 ||| READING 2 scrolls labelled KIGGEO NIHE.
  2644 | D:3      | 2644 ||| DRINKING 2 fuming black potions.
  2645 | D:3      | 2645 ||| READING 2 scrolls of identify.
  2645 | D:3      | 2645 ||| IDENTIFYING green potion
  2646 | D:3      | 2646 ||| DROPPING scroll of immolation.
  2647 | D:3      | 2647 ||| DROPPING potion of brilliance.
  2660 | D:3      | 2660 ||| Stepping randomly (stuck).
  2661 | D:3      | 2661 ||| Stepping randomly (stuck).
  2797 | D:3      | 2797 ||| READING scroll labelled NEOLUO CAPSU.
  2817 | D:4      | Noticed Grinder
  2825 | D:4      | HP: 7/30 [jackal (3)]
  2825 | D:4      | HP: 1/30 [orc/+0 trident (6)]
  2826 | D:4      | Slain by an orc wizard

Levels and vault maps discovered:
D:1:      psy_arrival_basics, layout_basic, chequers_ecumenical_altar_simple,
          amcnicky_mini_pool_small
D:2:      layout_loops_corners, uniq_natasha
D:3:      layout_loops_cross, small_statue_intersection, hangedman_glass_teeth
D:4:      layout_rooms, uniq_grinder, uniq_menkaure, uniq_duvessa

Skill      XL: |  1  2  3  4 |
---------------+-------------+-----
Axes           | 3 4 5 |  5.7
Fighting       | |  2.0
Throwing       | |  1.0
Armour         | |  1.1
Dodging        | |  2.1
Spellcasting   | |  2.0
Translocations | |  2.4

Action                   |  1- 3 |  4- 6 || total
-------------------------+-------+-------++-------
Melee: Hand axe          |    49 |    80 ||   129
       Kick              |    12 |    21 ||    33
       Peck              |     7 |    10 ||    17
Throw: Boomerang         |     7 |       ||     7
  Use: Scroll            |     4 |     6 ||    10
       Potion            |       |     1 ||     1
Armor: Leather armour    |     7 |       ||     7
       Ring mail         |     5 |     4 ||     9
       Scale mail        |       |    32 ||    32
Dodge: Dodged            |    23 |    30 ||    53

Table legend:
 A = Non-vault XP
 B = Vault XP
 C = Vault XP percentage of total XP
 D = Non-vault monster count
 E = Vault monster count
 F = Vault count percentage of total count
                 A         B        C        D         E       F
            +---------+---------+-------+---------+---------+-------
      Total |     157 |      35 |  18.2 |      49 |       1 |   2.0
            +---------+---------+-------+---------+---------+-------
        D:1 |      28 |       0 |   0.0 |      15 |       0 |   0.0
        D:2 |      77 |      35 |  31.2 |      16 |       1 |   5.9
        D:3 |      43 |       0 |   0.0 |      15 |       0 |   0.0
        D:4 |       9 |       0 |   0.0 |       3 |       0 |   0.0
            +---------+---------+-------+---------+---------+-------
